[Event "USA-ch Juniors 2020"]
[Site "Saint Louis"]
[Date "2020.10.14"]
[Round "4.4"]
[White "Yoo, Christopher Woojin"]
[Black "Shen, Christopher"]
[Result "1-0"]
[ECO "A05"]
[WhiteElo "2455"]
[BlackElo "2354"]
[Annotator "RC"]
[PlyCount "79"]
[EventDate "2020.10.13"]
[EventType "tourn"]
[EventCountry "USA"]
[SourceTitle "playchess.com"]
[Source "ChessBase"]
[SourceQuality "1"]
[TimeControl "1500+5"]

1. Nf3 Nf6 2. b3 g6 3. Bb2 Bg7 4. g3 O-O 5. Bg2 d5 6. c4 c6 7. O-O Re8 8. d4 Nbd7 9. Nbd2 a5 10. a3 a4 11. cxd5 cxd5 12. b4 Nb6 13. e3 Bd7 14. Qe2 e6 15. Rac1 Qe7 16. Ne5 Rec8 17. e4 dxe4 18. Nxe4 Nxe4 19. Bxe4 Be8 20. Rc5 Nd5 21. Rfc1 Rxc5 22. dxc5 Rd8 23. Nc4 Qg5 24. h4 Qh6 25. Rd1 Bxb2 26. Qxb2 Qh5 27. Rd2 Qg4 28. Rd4 Qh5 29. Nd6 b6 30. Bxd5 exd5 31. Rf4 Qd1+ 32. Kh2 Qe1 33. Qf6 Rd7 34. c6 Re7 35. Nxe8 Rxe8 36. Qxf7+ Kh8 37. c7 Qe5 38. Qf8+ Rxf8 39. Rxf8+ Kg7 40. c8=Q 1-0

[Event "USA-ch Juniors 2020"]
[Site "Saint Louis"]
[Date "2020.10.14"]
[Round "4.5"]
[White "Tiglon, Bryce"]
[Black "Burke, John M"]
[Result "1/2-1/2"]
[ECO "C78"]
[WhiteElo "2393"]
[BlackElo "2538"]
[Annotator "RC"]
[PlyCount "48"]
[EventDate "2020.10.13"]
[EventType "tourn"]
[EventCountry "USA"]
[SourceTitle "playchess.com"]
[Source "ChessBase"]
[SourceQuality "1"]
[TimeControl "1500+5"]

1. e4 e5 2. Nf3 Nc6 3. Bb5 a6 4. Ba4 Nf6 5. O-O b5 6. Bb3 Bc5 7. a4 Rb8 8. axb5 axb5 9. Nxe5 Nxe5 10. d4 Bxd4 11. Qxd4 d6 12. f4 Nc6 13. Qc3 Ne7 14. Ra7 c5 15. e5 Nfd5 16. Bxd5 Nxd5 17. Qf3 Qb6 18. Rxf7 c4+ 19. Kh1 Kxf7 20. Qxd5+ Be6 21. Qd1 Bf5 22. Qd5+ Be6 23. Qd1 Bf5 24. Qd5+ Be6 1/2-1/2

[Event "USA-ch Juniors 2020"]
[Site "Saint Louis"]
[Date "2020.10.14"]
[Round "5.3"]
[White "Checa, Nicolas"]
[Black "Yoo, Christopher Woojin"]
[Result "1-0"]
[ECO "A58"]
[WhiteElo "2527"]
[BlackElo "2455"]
[Annotator "RC"]
[PlyCount "95"]
[EventDate "2020.10.13"]
[EventType "tourn"]
[EventCountry "USA"]
[SourceTitle "playchess.com"]
[Source "ChessBase"]
[SourceQuality "1"]
[TimeControl "1500+5"]

1. d4 Nf6 2. c4 c5 3. d5 b5 4. cxb5 a6 5. bxa6 e6 6. Nc3 exd5 7. Nxd5 Be7 8. Nxe7 Qxe7 9. e3 O-O 10. Nf3 d5 11. Bd3 Rd8 12. O-O Ne4 13. b3 Qf6 14. Bb2 Qxb2 15. Bxe4 Bxa6 16. Re1 Nc6 17. Bxd5 Nb4 18. e4 Bb7 19. Re2 Qf6 20. Rd2 Nxd5 21. exd5 Rxd5 22. Rxd5 Bxd5 23. Rc1 Bxf3 24. Qxf3 Qxf3 25. gxf3 Rxa2 26. Rxc5 g6 27. f4 Kg7 28. Rc6 Rb2 29. Rb6 f5 30. Kg2 Kh6 31. Rb7 g5 32. fxg5+ Kxg5 33. Kg3 f4+ 34. Kf3 h6 35. Rb6 h5 36. Rb5+ Kg6 37. b4 Kh6 38. h4 Kg6 39. Rg5+ Kh6 40. b5 Rb4 41. Rd5 Kg6 42. Rc5 Rb2 43. Kxf4 Rxf2+ 44. Ke5 Rf5+ 45. Kd6 Rf4 46. b6 Rxh4 47. b7 Rb4 48. Kc7 1-0

[Event "USA-ch Juniors 2020"]
[Site "Saint Louis"]
[Date "2020.10.14"]
[Round "5.4"]
[White "Jacobson, Brandon"]
[Black "Sheng, Joshua"]
[Result "1/2-1/2"]
[ECO "D11"]
[WhiteElo "2487"]
[BlackElo "2474"]
[Annotator "RC"]
[PlyCount "41"]
[EventDate "2020.10.13"]
[EventType "tourn"]
[EventCountry "USA"]
[SourceTitle "playchess.com"]
[Source "ChessBase"]
[SourceQuality "1"]
[TimeControl "1500+5"]

1. d4 d5 2. c4 c6 3. Nf3 Nf6 4. e3 e6 5. Bd3 dxc4 6. Bxc4 Nbd7 7. O-O Bd6 8. Be2 O-O 9. Nbd2 Bc7 10. Nc4 b5 11. Nce5 Bb7 12. Qc2 Rc8 13. b4 Nxe5 14. Nxe5 c5 15. bxc5 Bxe5 16. dxe5 Nd7 17. Ba3 Nxe5 18. f4 Qa5 19. Qb2 Nc6 20. Rab1 Ba8 21. Bf3 1/2-1/2

[Event "USA-ch Juniors 2020"]
[Site "Saint Louis"]
[Date "2020.10.15"]
[Round "9.5"]
[White "Sheng, Joshua"]
[Black "Yoo, Christopher Woojin"]
[Result "0-1"]
[ECO "A10"]
[WhiteElo "2474"]
[BlackElo "2455"]
[Annotator "RC"]
[PlyCount "72"]
[EventDate "2020.10.13"]
[EventType "tourn"]
[EventCountry "USA"]
[SourceTitle "playchess.com"]
[Source "ChessBase"]
[SourceQuality "1"]
[TimeControl "1500+5"]

1. c4 g6 2. Nc3 Bg7 3. d4 e6 4. Nf3 Ne7 5. g3 O-O 6. Bg2 d5 7. O-O dxc4 8. Qa4 Nbc6 9. Rd1 a6 10. e3 e5 11. dxe5 Qe8 12. Qxc4 Nxe5 13. Qxc7 Bg4 14. Nxe5 Bxd1 15. Nd7 Qc8 16. Qxc8 Rfxc8 17. Bxb7 Rxc3 18. Bxa8 Rc8 19. Bd2 Bg4 20. Nb6 Rb8 21. Ba5 Bxb2 22. Rb1 Be5 23. Be4 Be6 24. Rd1 Bxa2 25. Nd7 Rb5 26. Bd8 Bb3 27. Rd2 Bc3 28. Rd6 Nd5 29. Rxa6 Kg7 30. Rc6 Rb4 31. Bf3 Bb2 32. Rc8 Ra4 33. Nc5 Ra1+ 34. Kg2 Ba2 35. Ra8 Bc4 36. Rc8 Bf1+ 0-1